 Bloatcrawl 2 version 0.50.1-497-g763ebf1 (webtiles) character file.

Game seed: 17568182340622334370, levelgen mode: deterministic

198 Dorkslayer the Skirmisher (level 5, 0/50 HPs)
             Began as a Yeti Fighter on Dec 4, 2020.
             Slain by a hobgoblin (4 damage)
             ... on level 2 of the Dungeon.
             The game lasted 00:06:45 (1711 turns).

Dorkslayer the Skirmisher (Yeti Fighter)            Turns: 1711, Time: 00:06:46

Health: 0/50       AC:  2    Str: 17    XL:     5   Next: 77%
Magic:  5/5        EV:  9    Int:  9    God:
Gold:   34         SH:  9    Dex: 16    Spells: 4/4 levels left Game modifiers: x1.5 XP

rFire   . . .      SeeInvis .    a - +0 war axe
rCold   + . .      Gourm    .    c - +0 kite shield
rNeg    . . .      Faith    .    b - +0 robe
rPois   +          Spirit   .    (helmet restricted)
rElec   .          Reflect  .    (no cloak)
rCorr   .          Harm     .    (gloves unavailable)
MR      .....                    (boots unavailable)
Stlth   ++........               (no amulet)
HPRegen 0.16/turn                k - ring of poison resistance
MPRegen 0.09/turn                (no ring)

@: no status effects
A: large, cold resistance 1
a: no special abilities


You were on level 2 of the Dungeon.
You were not hungry.

You visited 1 branch of the dungeon, and saw 2 of its levels.

You collected 34 gold pieces.

Inventory:

Hand Weapons
 a - a +0 war axe (weapon)
Armour
 b - a +0 robe (worn)
 c - a +0 kite shield (worn)
Jewellery
 k - a ring of poison resistance (left hand)
Scrolls
 e - a scroll of enchant weapon {unknown}
 h - a scroll of amnesia {unknown}
 i - 2 scrolls of identify {unknown}
 j - 2 scrolls of blinking {unknown}
 m - a scroll of magic mapping {unknown}
 p - a scroll of immolation {unknown}
Potions
 d - 2 potions of might
 l - 2 potions of berserk rage {unknown}
 n - a potion of flight
 o - a potion of ambrosia {unknown}
Comestibles
 f - a ration


   Skills:
 + Level 3.7 Fighting
 + Level 2.8 Axes
 + Level 3.1 Dodging
 + Level 1.1 Stealth
 + Level 3.0 Shields


You had 4 spell levels left.
You didn't know any spells.
Your spell library was empty.

Dungeon Overview and Level Annotations

Branches:
Dungeon (2/15)

Altars:


Innate Abilities, Weirdness & Mutations

You are large.
You are too large for most types of armour.
Your flesh is cold resistant. (rC+)


Message History

The gnoll is severely wounded.
You block the gnoll's attack.
You closely miss the gnoll.
The gnoll is severely wounded.
You block the gnoll's attack.
You completely miss the gnoll.
The gnoll is severely wounded.
You block the gnoll's attack.
You hit the gnoll but do no damage.
The gnoll is severely wounded.
You block the gnoll's attack. The gnoll hits you with a +0 halberd.
* * * LOW HITPOINT WARNING * * *
You barely miss the gnoll.
The gnoll is severely wounded.
The gnoll barely misses you.
You slash the gnoll!
You kill the gnoll!
You closely miss the hobgoblin. You block the hobgoblin's attack.
The hobgoblin hits you.
You die...

#.# #.# #.# #g# #.#
#r# #.# #g# #.# #.#
#.# #g# #.# #.#
#.################.#
#....@grg..........#
####################


You could see a gnoll, a hobgoblin and a rat.

Vanquished Creatures
  6 adders (D:2)
  2 gnolls (D:2)
  An ooze (D:2)
  2 worms (D:2)
  A dart slug (D:2)
  4 leopard geckos
  2 ball pythons (D:2)
  8 bats
  A giant cockroach (D:1)
  4 hobgoblins
  6 kobolds
  A quokka (D:2)
  A frilled lizard (D:1)
  2 goblins
  4 rats
45 creatures vanquished.

Notes
Turn   | Place    | Note
-------+----------+-------------------------------------------
     0 | D:1      | Dorkslayer the Yeti Fighter began the quest for the Orb.
     0 | D:1      | Reached XP level 1. HP: 21/21 MP: 1/1
   313 | D:1      | Reached XP level 2. HP: 22/28 MP: 2/2
   546 | D:1      | Reached XP level 3. HP: 34/34 MP: 3/3
  1005 | D:2      | Reached XP level 4. HP: 42/42 MP: 4/4
  1380 | D:2      | Reached XP level 5. HP: 17/49 MP: 5/5
  1468 | D:2      | Reached skill level 1 in Stealth
  1711 | D:2      | Slain by a hobgoblin

Levels and vault maps discovered:
D:1:      wander_arrival_desolate, layout_loops_ring, minivault_24
D:2:      wander_river, layout_basic

Skill      XL: |  1  2  3  4  5 |
---------------+----------------+-----
Axes           | 2 |  2.8
Dodging        | 3 |  3.1
Stealth        | 1 |  1.1
Shields        | 3 |  3.0
Fighting       | |  3.7

Action                   |  1- 3 |  4- 6 || total
-------------------------+-------+-------++-------
Melee: War axe           |    66 |    96 ||   162
  Use: Potion            |     1 |     3 ||     4
  Eat: Chunk             |       |     3 ||     3
Armor: Robe              |    13 |    15 ||    28
Dodge: Dodged            |    22 |    52 ||    74
Block: Kite shield       |    31 |    59 ||    90
